 Dungeon Crawl Stone Soup version 0.30.0-29-ga12c61a403 (webtiles) character file.

Game seed: 12578267317399166167

296 croobank the Firebug (level 6, 0/44 HPs)
             Began as a Demonspawn Fire Elementalist on June 21, 2023.
             Slain by a howler monkey (3 damage)
             ... on level 4 of the Dungeon.
             The game lasted 00:15:27 (3592 turns).

croobank the Firebug (Demonspawn Fire Elementalist) Turns: 3592, Time: 00:15:27

Health: 0/44       AC:  4    Str:  8    XL:     6   Next: 12%
Magic:  3/10       EV:  9    Int: 18    God:
Gold:   171        SH:  8    Dex: 14    Spells: 3/10 levels left

rFire   . . .        e - +2 short sword (elec)
rCold   . . .        i - +1 kite shield of Taveweib {rPois}
rNeg    . . .        a - +0 robe
rPois   +            (no helmet)
rElec   .            m - +0 cloak
rCorr   .            p - +0 pair of gloves
SInv    .            (no boots)
Will    .....        (no amulet)
Stlth   ++           w - ring of poison resistance
HPRegen 0.27/turn    (no ring)
MPRegen 0.12/turn

%: no passive effects
@: very slightly contaminated
A: powered by death 2
a: no special abilities


You were on level 4 of the Dungeon.
You visited 1 branch of the dungeon, and saw 4 of its levels.

You collected 216 gold pieces.
You spent 45 gold pieces at shops.

Inventory:

Hand Weapons
 e - a +2 short sword of electrocution (weapon)
Missiles
 s - 2 atropa-tipped darts (quivered)
Armour
 a - a +0 robe (worn)
 i - the +1 kite shield of Taveweib (worn) {rPois}
   (You found it on level 4 of the Dungeon)

   rPois:     It protects you from poison.
 m - a +0 cloak (worn)
 p - a +0 pair of gloves (worn)
Jewellery
 w - a ring of poison resistance (left hand)
Scrolls
 d - 2 scrolls of immolation {unknown}
 f - 2 scrolls of fear {unknown}
 g - a scroll of amnesia {unknown}
 h - a scroll of enchant weapon {unknown}
 j - a scroll of acquirement {unknown}
 k - 2 scrolls of identify {unknown}
 l - a scroll of torment {unknown}
 t - a scroll of fog {unknown}
 u - 2 scrolls of blinking {unknown}
Potions
 b - a potion of magic
 c - a potion of haste {unknown}
 n - a potion of brilliance {unknown}
 o - a potion of lignification {unknown}
 q - a potion of heal wounds {unknown}
 r - 2 potions of attraction {unknown}
 x - a potion of curing {unknown}
 z - a potion of berserk rage {unknown}


   Skills:
 - Level 2.2 Fighting
 - Level 2.8 Dodging
 - Level 3.1 Stealth
 + Level 0.1 Shields
 - Level 2.9 Spellcasting
 - Level 2.5 Conjurations
 - Level 3.4 Fire Magic


You had 3 spell levels left.
You knew the following spells:

 Your Spells              Type           Power      Damage    Failure   Level
a - Foxfire               Conj/Fire      52%        2x1d6     34%         1
b - Scorch                Fire           30%        2d6       41%         2
c - Flame Wave            Conj/Fire      13%        2d6       98%         4

Your spell library contained the following spells:

 Spells                   Type           Power      Damage    Failure   Level
 Inner Flame              Hex/Fire       8%         N/A       87%         3
 Volatile Blastmotes      Fire/Tloc      16%        2d11      87%         3
 Ozocubu's Armour         Ice            2%         N/A       98%         3
 Dispel Undead            Necr           2%         3d7       100%        4
 Petrify                  Tmut/Erth      2%         N/A       100%        4
 Metabolic Englaciation   Hex/Ice        1%         N/A       100%        5
 Simulacrum               Ice/Necr       1%         N/A       100%        6
 Statue Form              Tmut/Erth      1%         N/A       100%        6
 Storm Form               Tmut/Air       1%         N/A       100%        7


Dungeon Overview and Level Annotations

Branches:
Dungeon (4/15)
 Temple: D:4-7

Altars:
Wu Jian

Shops:
D:1 !   D:3 (


Innate Abilities, Weirdness & Mutations

You regenerate health from kills.


Message History

The howler monkey barely misses you.
The ice beast struggles against the net.
The howler monkey hits you.
* * * LOW HITPOINT WARNING * * *
The ice beast struggles against the net.
Casting: Foxfire (safe; 34% risk of failure)
Confirm with . or Enter, or press ? or * to list all spells.
You miscast Foxfire.
You are very lightly contaminated with residual magic.
Nothing appears to happen.
The howler monkey barely misses you.
The ice beast struggles against the net.
Casting: Foxfire (safe; 34% risk of failure)
Confirm with . or Enter, or press ? or * to list all spells.
You conjure some foxfire!
The howler monkey closely misses you.
The endoplasm hits you but does no damage.
The ice beast struggles against the net.
The endoplasm attacks as you move away! The endoplasm closely misses you.
The howler monkey attacks as you move away!
The howler monkey completely misses you.
The foxfire hits the howler monkey.
The howler monkey is almost dead.
The foxfire hits the howler monkey.
The howler monkey is almost dead.
The howler monkey hoots and howls with incredible vigour!
The ice beast struggles against the net.
Casting: Foxfire (safe; 34% risk of failure)
Confirm with . or Enter, or press ? or * to list all spells.
Flames lash the endoplasm.
The endoplasm is almost dead.
The endoplasm's fire resistance burns away.
The endoplasm freezes you.
You are frozen.
* * * LOW HITPOINT WARNING * * *
The ice beast struggles against the net.
The net rips apart, and the ice beast comes free!
You block the howler monkey's attack.
Casting: Scorch (dangerous; 41% risk of failure)
Confirm with . or Enter, or press ? or * to list all spells.
You miscast Scorch.
Nothing appears to happen.
The howler monkey hits you.
You die...

...[..........#.........#
..............#.........#
..............#.........#
....... #.....##........#
.......##.....##........#
...................##...#
........Y..........###'##
..........h...........).#
.......##.J@..##........#
....... ########........#
....... .........#
......< ..........#
....... ...........# ####
##########


You could see an ice beast, a howler monkey and an endoplasm (combustible).

Vanquished Creatures
  2 bullfrogs
  2 jellies (D:2)
  3 adders
  4 orcs (D:4)
  5 ball pythons
  A bat (D:3)
  16 endoplasms
  2 giant cockroaches (D:1)
  6 goblins
  6 hobgoblins
  8 jackals
  A quokka (D:2)
  5 frilled lizards
  12 kobolds
  3 rats (D:2)
76 creatures vanquished.

Vanquished Creatures (collateral kills)
  6 foxfires (D:1)
6 creatures vanquished.

Vanquished Creatures (others)
  116 foxfires
116 creatures vanquished.

Grand Total: 198 creatures vanquished

Notes
Turn   | Place    | Note
-------+----------+-------------------------------------------
     0 | D:1      | croobank the Demonspawn Fire Elementalist began the quest
                  | for the Orb.
     0 | D:1      | Reached XP level 1. HP: 13/13 MP: 3/3
   399 | D:1      | Gained mutation: You regenerate a little health from kills.
                  | [demonic ancestry]
   399 | D:1      | Reached XP level 2. HP: 16/20 MP: 1/5
   405 | D:1      | Learned a level 2 spell: Scorch
   660 | D:1      | Found Jymoer's Distillery.
   687 | D:1      | Bought a potion of degeneration for 12 gold pieces
   851 | D:1      | Found a faded altar of an unknown god.
  1282 | D:2      | Reached XP level 3. HP: 25/25 MP: 1/6
  1385 | D:2      | Reached skill level 1 in Fighting
  1854 | D:2      | Gained mutation: You regenerate health from kills. [demonic
                  | ancestry]
  1854 | D:2      | Reached XP level 4. HP: 20/32 MP: 0/7
  2276 | D:2      | Reached XP level 5. HP: 37/38 MP: 3/8
  2325 | D:2      | Learned a level 4 spell: Flame Wave
  2624 | D:3      | Found an ornate altar of the Wu Jian Council.
  2746 | D:3      | Got the Lectures on Mutable Debased Deeds
  3103 | D:3      | Found Ynyph's Weapon Emporium.
  3116 | D:3      | Bought a throwing net for 33 gold pieces
  3293 | D:4      | Reached XP level 6. HP: 27/44 MP: 1/10
  3466 | D:4      | Identified the +1 kite shield of Taveweib {rPois}
  3577 | D:4      | Noticed an ice beast
  3592 | D:4      | Slain by a howler monkey

Illustrated notes

Levels and vault maps discovered:
D:1:      minmay_arrival_arboretum_small, layout_loops_ring,
          shapermc_ecumenical_altar_mp_urbaneastern, serial_shops, shop,
          minivault_19, minmay_hedge_maze
D:2:      cheibrodos_fertilizer, layout_basic, kennysheep_generic_room_2
D:3:      layout_loops_cross, mainiacjoe_overflow_alcove_2, serial_shops,
          nicolae_shop_window_shopping, nrook_campfire
D:4:      layout_gridville

Skill      XL: |  1  2  3  4  5 |
---------------+----------------+-----
Stealth        | 2 3 |  3.1
Dodging        | 2 |  2.8
Fighting       | 1 2 |  2.2
Fire Magic     | 3 |  3.4
Conjurations   | 2 |  2.5
Shields        | |  0.1
Spellcasting   | |  2.9

Action                     |  1- 3 |  4- 6 || total
---------------------------+-------+-------++-------
  Melee: Unarmed           |    16 |       ||    16
         Short sword       |    27 |    44 ||    71
  Throw: Throwing net      |       |     1 ||     1
   Cast: Foxfire           |    42 |    27 ||    69
         Scorch            |    12 |    11 ||    23
   Stab: Sleeping          |     3 |     4 ||     7
 Armour: Robe              |    13 |    17 ||    30
  Dodge: Dodged            |    40 |    32 ||    72
  Block: Kite shield       |       |     5 ||     5
